 Dungeon Crawl Stone Soup version 0.29.0-4-gdea44cf6ec (webtiles) character file.

Game seed: 15398870499860056837

57476 qw the Severer (level 14, -2/92 HPs)
             Began as a Gargoyle Berserker on Sept 7, 2022.
             Was an Elder of Trog.
             Slain by a death yak (9 damage)
             ... on level 5 of the Lair of Beasts.
             The game lasted 00:06:18 (17838 turns).

qw the Severer (Gargoyle Berserker)                Turns: 17838, Time: 00:06:19

Health: -2/92      AC: 37    Str: 26    XL:     14   Next: 86%
Magic:  0/14       EV:  8    Int: 15    God:    Trog [****..]
Gold:   817        SH:  6    Dex:  9    Spells: 13/13 levels left

rFire   + . .      SeeInvis .   Y - +1 war axe
rCold   . . .      Faith    .   o - +1 buckler of Arrut {Int+7}
rNeg    + . .      Spirit   +   q - +3 plate armour {rF+}
rPois   inf        Reflect  .   t - +0 helmet
rElec   +          Harm     .   (no cloak)
rCorr   .          Rampage  .   u - +0 pair of gloves
Will    ++...                   l - +0 pair of boots
Stlth   ..........              k - amulet of guardian spirit
HPRegen 0.25/turn               i - ring of willpower
MPRegen 0.14/turn               p - +4 ring of protection

@: on berserk cooldown, flying, slowed, very slow
A: sickness immunity, AC +10, big wings, negative energy resistance 1,
electricity resistance, torment resistance 1, petrification resistance
a: Renounce Religion, Berserk, Trog's Hand, Brothers in Arms


You were on level 5 of the Lair of Beasts.
You worshipped Trog.
Trog was greatly pleased with you.
You visited 2 branches of the dungeon, and saw 13 of its levels.

You collected 817 gold pieces.


Innate Abilities, Weirdness & Mutations

You are immune to sickness and miasma.
Your stone body is resilient. (AC +10)
You are immune to poison.
Your large and strong wings let you fly.
You resist negative energy. (rN+)
You are resistant to electric shocks. (rElec)
You are resistant to unholy torment.
You are immune to petrification.


   Skills:
 + Level 12.7 Fighting
 - Level 16.1 Axes
 - Level 3.2 Throwing
 - Level 12.0 Armour
 - Level 3.0 Dodging
 - Level 8.0 Shields


You had 13 spell levels left.
You didn't know any spells.
Your spell library was empty.

Inventory:

Hand Weapons
 n - a +3 flail of protection
 Y - a +1 war axe (weapon)
Missiles
 a - 15 boomerangs (quivered)
Armour
 l - a +0 pair of boots (worn)
 o - the +1 buckler of Arrut (worn) {Int+7}
   (You found it on level 4 of the Lair of Beasts)

   Int:       It affects your intelligence (+7).
 q - a +3 plate armour of fire resistance (worn)
 t - a +0 helmet (worn)
 u - a +0 pair of gloves (worn)
Jewellery
 f - a ring of ice
 h - an amulet of regeneration
 i - a ring of willpower (left hand)
 k - an amulet of guardian spirit (around neck)
 p - a +4 ring of protection (right hand)
 s - an amulet of faith
Scrolls
 b - 8 scrolls of identify
 m - a scroll of poison {unknown}
Potions
 c - 4 potions of haste
 d - 3 potions of might
 e - 14 potions of curing
 g - 3 potions of cancellation

Dungeon Overview and Level Annotations

Branches:
Dungeon (8/15)             Temple (0/1) D:7            Lair (5/5) D:8
  Swamp (0/4) Lair:2       Spider (0/4) Lair:2        Slime (0/5) Lair:4

Altars:
Ashenzari
Cheibriados
Kikubaaqudgha
Okawaru
Qazlal
Xom
Lugonu

Portals:
Abyss: Lair:5


Message History

You hit the yak. You slash the yak! You hit the death yak but do no damage.
You hit the death yak. x2; You hit the yak.
The death yak closely misses you. The yak gores you. The death yak gores you.
The yak gores you but does no damage. The death yak gores you!
The death yak gores you. The yak gores you but does no damage.
You hit the death yak but do no damage.
The death yak is severely wounded.
You hit the yak but do no damage. You slice the yak!! You hit the yak.
You hit the death yak but do no damage. You slash the death yak! x2
The death yak gores you but does no damage.
The death yak misses you. The yak gores you but does no damage.
The death yak barely misses you. The death yak gores you! The yak gores you.
You block the yak's attack.
17836 ||| DRINKING potion of heal wounds.
You feel much better.
The death yak gores you but does no damage.
The death yak gores you. The yak gores you but does no damage.
You block the death yak's attack. x2; The yak gores you but does no damage. x2
The death yak gores you but does no damage.
The death yak gores you! The yak closely misses you.
The yak gores you but does no damage. The yak barely misses you.
The death yak gores you but does no damage. x2
You barely miss the death yak.
The death yak is severely wounded.
You barely miss the yak. You slash the yak! x2
You hit the death yak but do no damage. You slash the death yak!
You hit the death yak. You block the death yak's attack.
The death yak gores you but does no damage.
You block the yak's attack. The yak barely misses you.
You block the yak's attack. The death yak barely misses you. x2
You hit the yak.
You kill the yak!
Trog accepts your kill.
You slash the death yak! You barely miss the death yak.
You slash the death yak! x2
You hit the yak. You slash the yak!
You kill the yak!
Trog accepts your kill. The death yak gores you! x2
You die...

.........................
P.#......................
#.##....#................
###.......###............
#..##### ##...........
..# #...........
#........... #..YY.......
### #.%@YY...... .P
#...YY....... ..
.......Y........ ..
........##..#.... .### #
#...#...# +##...
...##.######...#. .
.<.....## ......
.%......# ......(.
#..#.....


You could see 4 death yaks and 3 yaks.

Vanquished Creatures
  Snorg (Lair:3)
  Josephine (Lair:3)
  2 catoblepae
  2 hydras
  2 death yaks (Lair:5)
  4 thrashing horrors (Lair:5)
  A large abomination (Lair:5)
  2 lindwurms (Lair:3)
  An oklob plant (Lair:4)
  A wolf spider (Lair:2)
  16 elephants
  3 black mambas
  Joseph (D:8)
  6 cane toads
  2 smoke demons (Lair:5)
  5 rime drakes
  6 komodo dragons
  2 ancient zymes (Lair:5)
  A polar bear (Lair:2)
  A hornet (shapeshifter) (Lair:5)
  A blink frog (shapeshifter) (Lair:5)
  25 blink frogs
  4 ynoxinuls (Lair:5)
  5 wyverns
  3 wraiths (Lair:3)
  29 yaks
  5 basilisks
  Edmund (D:4)
  A vampire mosquito (D:7)
  2 wargs (D:8)
  14 water moccasins
  3 black bears
  4 orc warriors
  An ice beast (D:5)
  5 sky beasts (D:7)
  12 wolves
  An ogre (D:7)
  4 kobold brigands
  9 bullfrogs
  A necrophage (D:5)
  3 scorpions
  10 small abominations (Lair:5)
  10 wights
  A killer bee (D:7)
  4 howler monkeys
  3 electric eels
  6 orc priests
  4 hounds
  4 jellies
  Jessica (D:3)
  6 iguanas
  12 orc wizards
  5 gnolls
  8 adders
  2 shadow imps
  5 white imps
  2 ufetubi
  2 dart slugs
  30 orcs
  A bat (D:3)
  9 endoplasms
  4 giant cockroaches
  5 hobgoblins
  3 jackals
  20 kobolds
  4 quokkas
  6 ball pythons
  A frilled lizard (D:3)
  7 goblins
  9 rats
377 creatures vanquished.

Vanquished Creatures (others)
  19 fungi
  36 plants
55 creatures vanquished.

Grand Total: 432 creatures vanquished

Notes
Turn   | Place    | Note
-------+----------+-------------------------------------------
     0 | D:1      | qw the Gargoyle Berserker began the quest for the Orb.
     0 | D:1      | Reached XP level 1. HP: 14/14 MP: 1/1
     0 | D:1      | 0 ||| qw: Version: 0.1-a-108-g9e35731
     0 | D:1      | 0 ||| qw: Game counter: 6547
     0 | D:1      | 0 ||| qw: Always use a shield: true
     0 | D:1      | 0 ||| qw: Do Orc after D:15 true
     0 | D:1      | 0 ||| qw: Do second Lair branch before Depths: true
     0 | D:1      | 0 ||| qw: Lair rune preference: random
     0 | D:1      | 0 ||| qw: Plans: Normal
     0 | D:1      | 0 ||| PLANNING D:1-11
   115 | D:1      | Reached skill level 3 in Axes
   130 | D:1      | 130 ||| Stepping ~*~*~tactically~*~*~ (stealth).
   131 | D:1      | 131 ||| Stepping ~*~*~tactically~*~*~ (stealth).
   134 | D:1      | 134 ||| Stepping ~*~*~tactically~*~*~ (stealth).
   137 | D:1      | Reached XP level 2. HP: 18/19 MP: 2/2
   234 | D:1      | 234 ||| Stepping ~*~*~tactically~*~*~ (stealth).
   346 | D:1      | 346 ||| Stepping ~*~*~tactically~*~*~ (hiding).
   357 | D:1      | 357 ||| Stepping ~*~*~tactically~*~*~ (stealth).
   359 | D:1      | 359 ||| Stepping ~*~*~tactically~*~*~ (stealth).
   361 | D:1      | 361 ||| Stepping ~*~*~tactically~*~*~ (stealth).
   765 | D:1      | Reached XP level 3. HP: 18/23 MP: 3/3
  1062 | D:1      | 1062 ||| UPGRADING to +0 leather armour.
  1072 | D:1      | 1072 ||| DROPPING +0 animal skin.
  1073 | D:1      | 1073 ||| UPGRADING to amulet of guardian spirit.
  1078 | D:1      | 1078 ||| UPGRADING to ring of willpower.
  1079 | D:1      | 1079 ||| READING scroll labelled XIUNWU OMPUOMP.
  1080 | D:1      | 1080 ||| READING scroll labelled ZULOZANUTZ.
  1181 | D:1      | 1181 ||| READING scroll labelled TOUPU SEUCOU.
  1302 | D:2      | Reached ** piety under Trog
  1303 | D:2      | Reached skill level 4 in Axes
  1370 | D:2      | 1370 ||| Stepping ~*~*~tactically~*~*~ (stealth).
  1385 | D:2      | 1385 ||| Stepping ~*~*~tactically~*~*~ (stealth).
  1387 | D:2      | 1387 ||| Stepping ~*~*~tactically~*~*~ (stealth).
  1487 | D:2      | 1487 ||| READING scroll of enchant weapon.
  1487 | D:2      | 1487 ||| ENCHANTING +1 hand axe.
  1490 | D:2      | Found a broken altar of Ashenzari.
  1525 | D:2      | 1525 ||| Stepping ~*~*~tactically~*~*~ (stealth).
  1530 | D:2      | 1530 ||| Stepping ~*~*~tactically~*~*~ (stealth).
  1536 | D:2      | 1536 ||| Stepping ~*~*~tactically~*~*~ (hiding).
  1537 | D:2      | 1537 ||| Stepping ~*~*~tactically~*~*~ (stealth).
  1773 | D:2      | Reached XP level 4. HP: 28/28 MP: 4/4
  2083 | D:2      | 2083 ||| UPGRADING to +0 pair of boots.
  2088 | D:2      | 2088 ||| READING 2 scrolls labelled DICUUL GANASUO.
  2089 | D:2      | 2089 ||| READING scroll labelled QUTUOWNAMUM.
  2090 | D:2      | 2090 ||| READING 3 scrolls labelled QIS MEKHEAMPE.
  2091 | D:2      | 2091 ||| DRINKING 2 metallic white potions.
  2092 | D:2      | 2092 ||| DRINKING 2 viscous ruby potions.
  2093 | D:2      | 2093 ||| DROPPING 2 scrolls of immolation.
  2390 | D:3      | 2390 ||| Stepping ~*~*~tactically~*~*~ (hiding).
  2391 | D:3      | 2391 ||| INVOKING Berserk.
  2396 | D:3      | Reached skill level 5 in Axes
  2399 | D:3      | HP: 7/42 [gnoll/+0 halberd (13)]
  2401 | D:3      | Reached XP level 5. HP: 8/32 MP: 0/5
  2662 | D:3      | 2662 ||| DROPPING +0 club.
  2819 | D:3      | 2819 ||| READING scroll of enchant weapon.
  2819 | D:3      | 2819 ||| ENCHANTING +2 hand axe.
  2957 | D:3      | 2957 ||| READING scroll of enchant weapon.
  2957 | D:3      | 2957 ||| ENCHANTING +3 hand axe.
  2972 | D:3      | 2972 ||| SWAPPING to +0 war axe.
  2976 | D:3      | 2976 ||| DROPPING +4 hand axe.
  3173 | D:3      | Noticed Jessica
  3181 | D:3      | Killed Jessica
  3367 | D:3      | 3367 ||| UPGRADING to +0 ring mail.
  3377 | D:3      | 3377 ||| DROPPING +0 leather armour.
  3378 | D:3      | 3378 ||| UPGRADING to +4 ring of protection.
  3379 | D:3      | 3379 ||| READING scroll labelled HUEHAWNO NUAM.
  3380 | D:3      | 3380 ||| DRINKING 2 amethyst potions.
  3481 | D:3      | 3481 ||| DROPPING potion of ambrosia.
  3525 | D:4      | 3525 ||| Stepping ~*~*~tactically~*~*~ (hiding).
  3526 | D:4      | 3526 ||| Stepping ~*~*~tactically~*~*~ (hiding).
  3533 | D:4      | 3533 ||| INVOKING Berserk.
  3541 | D:4      | Reached XP level 6. HP: 38/38 MP: 3/6
  3655 | D:4      | Noticed Edmund
  3657 | D:4      | 3657 ||| INVOKING Berserk.
  3664 | D:4      | Killed Edmund
  3665 | D:4      | Reached skill level 6 in Axes
  3732 | D:4      | 3732 ||| DROPPING +0 flail.
  3757 | D:4      | 3757 ||| Stepping ~*~*~tactically~*~*~ (stealth).
  3758 | D:4      | 3758 ||| Stepping ~*~*~tactically~*~*~ (stealth).
  3943 | D:4      | Reached XP level 7. HP: 43/43 MP: 7/7
  3960 | D:4      | 3960 ||| Stepping ~*~*~tactically~*~*~ (stealth).
  4363 | D:4      | 4363 ||| DROPPING scarf of invisibility.
  4364 | D:4      | 4364 ||| UPGRADING to +0 chain mail.
  4374 | D:4      | 4374 ||| DROPPING +0 ring mail.
  4375 | D:4      | 4375 ||| UPGRADING to +0 helmet.
  4380 | D:4      | 4380 ||| READING scroll labelled IFICWY NYCHA.
  4381 | D:4      | 4381 ||| READING 2 scrolls of identify.
  4381 | D:4      | 4381 ||| IDENTIFYING green potion
  4382 | D:4      | 4382 ||| DROPPING potion of degeneration.
  4398 | D:5      | Entered Level 5 of the Dungeon
  4399 | D:5      | 4399 ||| PLANNING OSSUARY
  4492 | D:5      | Reached skill level 3 in Armour
  4635 | D:5      | 4635 ||| Stepping ~*~*~tactically~*~*~ (stealth).
  4647 | D:5      | Reached *** piety under Trog
  4652 | D:5      | Reached skill level 7 in Axes
  4672 | D:5      | 4672 ||| Stepping ~*~*~tactically~*~*~ (stealth).
  4716 | D:5      | 4716 ||| Stepping ~*~*~tactically~*~*~ (stealth).
  4818 | D:5      | 4818 ||| INVOKING Berserk.
  4821 | D:5      | Reached skill level 1 in Throwing
  4821 | D:5      | Reached XP level 8. HP: 49/49 MP: 8/8
  4981 | D:5      | Found a broken altar of Ashenzari.
  4981 | D:5      | Found an ancient bone altar of Kikubaaqudgha.
  5153 | D:5      | 5153 ||| RIP OSSUARY
  5154 | D:5      | 5154 ||| PLANNING D:1-11
  5175 | D:5      | 5175 ||| FLEEEEING.
  5242 | D:5      | 5242 ||| Stepping ~*~*~tactically~*~*~ (stealth).
  5273 | D:5      | 5273 ||| READING scroll of enchant weapon.
  5273 | D:5      | 5273 ||| ENCHANTING +0 war axe.
  5685 | D:5      | Found a shimmering altar of Xom.
  6061 | D:5      | 6061 ||| READING 2 scrolls of identify.
  6061 | D:5      | 6061 ||| IDENTIFYING murky pink potion
  6062 | D:5      | 6062 ||| DROPPING potion of magic.
  6109 | D:6      | 6109 ||| STAIRDANCE
  6140 | D:6      | Reached skill level 8 in Axes
  6143 | D:6      | 6143 ||| Stepping ~*~*~tactically~*~*~ (hiding).
  6146 | D:6      | 6146 ||| Stepping ~*~*~tactically~*~*~ (stealth).
  6214 | D:6      | Noticed a four-headed hydra
  6215 | D:6      | 6215 ||| SWAPPING to +3 flail of protection.
  6216 | D:6      | 6216 ||| INVOKING Berserk.
  6222 | D:6      | Killed a four-headed hydra
  6223 | D:6      | Reached XP level 9. HP: 59/59 MP: 4/9
  6254 | D:6      | 6254 ||| SWAPPING to +1 war axe.
  6322 | D:6      | Found a stormy altar of Qazlal.
  6325 | D:6      | 6325 ||| INVOKING Berserk.
  6737 | D:6      | 6737 ||| READING scroll labelled DECIORRENTA.
  6741 | D:6      | 6741 ||| READING 2 scrolls labelled HAIFUMN VIRHU.
  6742 | D:6      | 6742 ||| READING 2 scrolls labelled FEIL KUMIUJ.
  6743 | D:6      | 6743 ||| READING 2 scrolls of identify.
  6743 | D:6      | 6743 ||| IDENTIFYING sedimented puce potion
  6744 | D:6      | 6744 ||| DROPPING scroll of amnesia.
  6745 | D:6      | 6745 ||| DROPPING scroll of magic mapping.
  6770 | D:7      | 6770 ||| Stepping ~*~*~tactically~*~*~ (hiding).
  6771 | D:7      | 6771 ||| Stepping ~*~*~tactically~*~*~ (hiding).
  6772 | D:7      | 6772 ||| Stepping ~*~*~tactically~*~*~ (hiding).
  6908 | D:7      | 6908 ||| INVOKING Berserk.
  6922 | D:7      | Reached skill level 9 in Axes
  7032 | D:7      | 7032 ||| Stepping ~*~*~tactically~*~*~ (stealth).
  7034 | D:7      | 7034 ||| Stepping ~*~*~tactically~*~*~ (hiding).
  7035 | D:7      | 7035 ||| Stepping ~*~*~tactically~*~*~ (hiding).
  7105 | D:7      | 7105 ||| Stepping ~*~*~tactically~*~*~ (stealth).
  7106 | D:7      | 7106 ||| Stepping ~*~*~tactically~*~*~ (stealth).
  7152 | D:7      | 7152 ||| Stepping ~*~*~tactically~*~*~ (hiding).
  7218 | D:7      | 7218 ||| Stepping ~*~*~tactically~*~*~ (stealth).
  7221 | D:7      | 7221 ||| Stepping ~*~*~tactically~*~*~ (stealth).
  7379 | D:7      | 7379 ||| Stepping ~*~*~tactically~*~*~ (stealth).
  7388 | D:7      | 7388 ||| Stepping ~*~*~tactically~*~*~ (hiding).
  7392 | D:7      | 7392 ||| INVOKING Berserk.
  7525 | D:7      | 7525 ||| Stepping ~*~*~tactically~*~*~ (hiding).
  7749 | D:7      | Reached skill level 10 in Axes
  7847 | D:7      | 7847 ||| INVOKING Berserk.
  7850 | D:7      | Reached XP level 10. HP: 64/64 MP: 10/10
  7866 | D:7      | 7866 ||| Stepping ~*~*~tactically~*~*~ (hiding).
  7927 | D:7      | 7927 ||| INVOKING Berserk.
  8108 | D:7      | Found a staircase to the Ecumenical Temple.
  8116 | D:7      | Reached skill level 11 in Axes
  8184 | D:7      | 8184 ||| DRINKING 2 murky inky potions.
  8185 | D:7      | 8185 ||| DRINKING 2 inky potions.
  8255 | D:7      | 8255 ||| DRINKING 2 smoky silvery potions.
  8256 | D:7      | 8256 ||| READING 3 scrolls of identify.
  8256 | D:7      | 8256 ||| IDENTIFYING smoky ruby potion
  8257 | D:7      | 8257 ||| READING 2 scrolls of identify.
  8257 | D:7      | 8257 ||| IDENTIFYING grey potion
  8258 | D:7      | 8258 ||| DROPPING potion of lignification.
  8259 | D:7      | 8259 ||| DROPPING potion of flight.
  8260 | D:7      | 8260 ||| DROPPING potion of berserk rage.
  8287 | D:8      | Found a staircase to the Lair.
  8291 | D:8      | 8291 ||| INVOKING Berserk.
  8296 | D:8      | Reached skill level 6 in Armour
  8300 | D:8      | Reached **** piety under Trog
  8433 | D:8      | 8433 ||| Stepping ~*~*~tactically~*~*~ (stealth).
  8436 | D:8      | 8436 ||| Stepping ~*~*~tactically~*~*~ (stealth).
  8473 | D:8      | 8473 ||| Stepping ~*~*~tactically~*~*~ (stealth).
  8483 | D:8      | Noticed Joseph
  8484 | D:8      | 8484 ||| Stepping ~*~*~tactically~*~*~ (hiding).
  8497 | D:8      | Killed Joseph
  8498 | D:8      | Reached skill level 9 in Fighting
  8500 | D:8      | 8500 ||| INVOKING Berserk.
  8510 | D:8      | Found an iron altar of Okawaru.
  8734 | D:8      | 8734 ||| Stepping ~*~*~tactically~*~*~ (hiding).
  8736 | D:8      | 8736 ||| Stepping ~*~*~tactically~*~*~ (hiding).
  8804 | D:8      | 8804 ||| Stepping ~*~*~tactically~*~*~ (stealth).
  8816 | D:8      | 8816 ||| Stepping ~*~*~tactically~*~*~ (stealth).
  8820 | D:8      | 8820 ||| Stepping ~*~*~tactically~*~*~ (stealth).
  8821 | D:8      | 8821 ||| Stepping ~*~*~tactically~*~*~ (stealth).
  8823 | D:8      | 8823 ||| Stepping ~*~*~tactically~*~*~ (stealth).
  8855 | D:8      | Reached skill level 12 in Axes
  8862 | D:8      | 8862 ||| INVOKING Berserk.
  8867 | D:8      | Reached XP level 11. HP: 40/71 MP: 5/11
  9269 | D:8      | 9269 ||| Stepping ~*~*~tactically~*~*~ (stealth).
  9272 | D:8      | 9272 ||| Stepping ~*~*~tactically~*~*~ (stealth).
  9275 | D:8      | 9275 ||| Stepping ~*~*~tactically~*~*~ (stealth).
  9279 | D:8      | 9279 ||| INVOKING Berserk.
  9482 | D:8      | 9482 ||| PLANNING LAIR
  9482 | D:8      | 9482 ||| UPGRADING to +0 plate armour.
  9492 | D:8      | 9492 ||| DROPPING +0 chain mail.
  9493 | D:8      | 9493 ||| UPGRADING to +3 plate armour of fire resistance.
  9503 | D:8      | 9503 ||| DROPPING +0 plate armour.
  9504 | D:8      | 9504 ||| UPGRADING to +0 pair of gloves.
  9509 | D:8      | 9509 ||| READING 2 scrolls of identify.
  9509 | D:8      | 9509 ||| IDENTIFYING bubbling cyan potion
  9510 | D:8      | 9510 ||| DROPPING potion of attraction.
  9528 | Lair:1   | Entered Level 1 of the Lair of Beasts
  9545 | Lair:1   | 9545 ||| INVOKING Berserk.
  9737 | Lair:1   | 9737 ||| INVOKING Berserk.
  9743 | Lair:1   | HP: 23/106 [elephant (12)]
  9748 | Lair:1   | Reached skill level 9 in Armour
 10012 | Lair:1   | 10012 ||| INVOKING Berserk.
 10159 | Lair:1   | 10159 ||| INVOKING Berserk.
 10327 | Lair:1   | 10327 ||| Stepping ~*~*~tactically~*~*~ (hiding).
 10409 | Lair:1   | 10409 ||| INVOKING Berserk.
 10686 | Lair:1   | 10686 ||| INVOKING Berserk.
 11147 | Lair:1   | 11147 ||| INVOKING Berserk.
 11180 | Lair:1   | Reached skill level 13 in Axes
 11329 | Lair:1   | 11329 ||| READING scroll labelled AHAEDI ILAEQ.
 11330 | Lair:1   | 11330 ||| READING 4 scrolls of identify.
 11330 | Lair:1   | 11330 ||| IDENTIFYING sedimented orange potion
 11331 | Lair:1   | 11331 ||| DROPPING potion of invisibility.
 11342 | Lair:2   | 11342 ||| STAIRDANCE
 11352 | Lair:2   | 11352 ||| INVOKING Berserk.
 11364 | Lair:2   | 11364 ||| STAIRDANCE
 11486 | Lair:2   | 11486 ||| Stepping ~*~*~tactically~*~*~ (hiding).
 11518 | Lair:2   | 11518 ||| INVOKING Berserk.
 11651 | Lair:2   | Found a hole to the Spider Nest.
 11651 | Lair:2   | Noticed a wolf spider
 11652 | Lair:2   | 11652 ||| INVOKING Berserk.
 11658 | Lair:2   | Killed a wolf spider
 11828 | Lair:2   | 11828 ||| Stepping ~*~*~tactically~*~*~ (hiding).
 11837 | Lair:2   | Reached XP level 12. HP: 70/77 MP: 10/12
 11999 | Lair:2   | Noticed a catoblepas
 12002 | Lair:2   | 12002 ||| INVOKING Berserk.
 12010 | Lair:2   | Killed a catoblepas
 12241 | Lair:2   | 12241 ||| Stepping ~*~*~tactically~*~*~ (stealth).
 12248 | Lair:2   | 12248 ||| INVOKING Berserk.
 12413 | Lair:2   | Identified the +1 chain mail of Lugonu, Building {rPois
                  | Will- Str+3}
 12533 | Lair:2   | Reached skill level 14 in Axes
 12651 | Lair:2   | Found a staircase to the Swamp.
 12736 | Lair:2   | 12736 ||| DROPPING +1 chain mail of Lugonu, Building {rPois
                  | Will- Str+3}.
 12737 | Lair:2   | 12737 ||| READING scroll labelled CECVAE PUDEU.
 12800 | Lair:3   | 12800 ||| INVOKING Berserk.
 12911 | Lair:3   | Noticed Josephine
 12912 | Lair:3   | 12912 ||| Stepping ~*~*~tactically~*~*~ (hiding).
 12918 | Lair:3   | 12918 ||| Stepping ~*~*~tactically~*~*~ (hiding).
 12936 | Lair:3   | 12936 ||| INVOKING Berserk.
 12951 | Lair:3   | HP: 27/118 [Josephine/+0 dagger (4)]
 12954 | Lair:3   | 12954 ||| READING scroll of teleportation.
 12955 | Lair:3   | 12955 ||| DRINKING 3 potions of heal wounds.
 13028 | Lair:3   | 13028 ||| INVOKING Berserk.
 13053 | Lair:3   | HP: 20/80 [yak (5)]
 13054 | Lair:3   | 13054 ||| DRINKING 2 potions of heal wounds.
 13315 | Lair:3   | 13315 ||| Stepping ~*~*~tactically~*~*~ (hiding).
 13317 | Lair:3   | 13317 ||| Stepping ~*~*~tactically~*~*~ (hiding).
 13334 | Lair:3   | Killed Josephine
 13348 | Lair:3   | 13348 ||| FLEEEEING.
 13349 | Lair:3   | 13349 ||| STAIRDANCE
 13464 | Lair:3   | 13464 ||| Stepping ~*~*~tactically~*~*~ (stealth).
 13470 | Lair:3   | 13470 ||| Stepping ~*~*~tactically~*~*~ (stealth).
 13476 | Lair:3   | 13476 ||| INVOKING Berserk.
 13624 | Lair:3   | Reached skill level 15 in Axes
 13654 | Lair:3   | Noticed Snorg
 13658 | Lair:3   | 13658 ||| INVOKING Berserk.
 13674 | Lair:3   | Killed Snorg
 13830 | Lair:3   | 13830 ||| Stepping ~*~*~tactically~*~*~ (hiding).
 13832 | Lair:3   | 13832 ||| INVOKING Berserk.
 13842 | Lair:3   | Reached XP level 13. HP: 84/84 MP: 9/13
 13952 | Lair:3   | 13952 ||| INVOKING Brothers in Arms.
 13953 | Lair:3   | 13953 ||| SWAPPING to +3 flail of protection.
 13954 | Lair:3   | 13954 ||| INVOKING Berserk.
 13965 | Lair:3   | 13965 ||| SWAPPING to +1 war axe.
 14194 | Lair:3   | 14194 ||| INVOKING Berserk.
 14330 | Lair:3   | Reached skill level 12 in Fighting
 14575 | Lair:3   | 14575 ||| DROPPING +0 chain mail of willpower.
 14576 | Lair:3   | 14576 ||| READING scroll labelled VEOWEI JOXTY.
 14577 | Lair:3   | 14577 ||| READING 6 scrolls of identify.
 14577 | Lair:3   | 14577 ||| IDENTIFYING silvery potion
 14578 | Lair:3   | 14578 ||| DRINKING potion of experience.
 14578 | Lair:3   | Reached skill level 16 in Axes
 14578 | Lair:3   | Gained mutation: Your large and strong wings let you fly.
                  | [Gargoyle growth]
 14578 | Lair:3   | Reached XP level 14. HP: 92/92 MP: 14/14
 14647 | Lair:4   | 14647 ||| Stepping ~*~*~tactically~*~*~ (hiding).
 14650 | Lair:4   | 14650 ||| INVOKING Berserk.
 14892 | Lair:4   | Reached skill level 3 in Dodging
 14970 | Lair:4   | Identified the +1 buckler of Arrut {Int+7}
 15159 | Lair:4   | Found a staircase to the Slime Pits.
 15308 | Lair:4   | Found a snail-covered altar of Cheibriados.
 15313 | Lair:4   | 15313 ||| INVOKING Berserk.
 15601 | Lair:4   | 15601 ||| UPGRADING to +1 buckler of Arrut {Int+7}.
 15606 | Lair:4   | 15606 ||| DRINKING 2 black potions.
 15607 | Lair:4   | 15607 ||| DROPPING potion of brilliance.
 15638 | Lair:4   | Reached skill level 1 in Shields
 15714 | Lair:5   | Entered Level 5 of the Lair of Beasts
 15717 | Lair:5   | 15717 ||| Stepping ~*~*~tactically~*~*~ (stealth).
 15727 | Lair:5   | 15727 ||| INVOKING Berserk.
 15746 | Lair:5   | Reached skill level 3 in Shields
 15829 | Lair:5   | 15829 ||| Stepping ~*~*~tactically~*~*~ (stealth).
 15834 | Lair:5   | 15834 ||| Stepping ~*~*~tactically~*~*~ (stealth).
 15835 | Lair:5   | 15835 ||| Stepping ~*~*~tactically~*~*~ (stealth).
 15972 | Lair:5   | 15972 ||| Stepping ~*~*~tactically~*~*~ (stealth).
 16321 | Lair:5   | Reached skill level 6 in Shields
 16328 | Lair:5   | 16328 ||| INVOKING Berserk.
 16674 | Lair:5   | 16674 ||| Stepping ~*~*~tactically~*~*~ (hiding).
 16717 | Lair:5   | 16717 ||| INVOKING Berserk.
 16728 | Lair:5   | 16728 ||| Stepping ~*~*~tactically~*~*~ (stealth).
 16745 | Lair:5   | HP: 23/92 [small abomination (4)]
 16746 | Lair:5   | 16746 ||| DRINKING 2 potions of heal wounds.
 16806 | Lair:5   | 16806 ||| Stepping ~*~*~tactically~*~*~ (stealth).
 16823 | Lair:5   | 16823 ||| INVOKING Berserk.
 16915 | Lair:5   | 16915 ||| INVOKING Berserk.
 16918 | Lair:5   | Reached skill level 12 in Armour
 16931 | Lair:5   | 16931 ||| Stepping ~*~*~tactically~*~*~ (stealth).
 16932 | Lair:5   | 16932 ||| Stepping ~*~*~tactically~*~*~ (stealth).
 17190 | Lair:5   | 17190 ||| Stepping ~*~*~tactically~*~*~ (hiding).
 17215 | Lair:5   | 17215 ||| INVOKING Berserk.
 17413 | Lair:5   | Found a corrupted altar of Lugonu.
 17413 | Lair:5   | Found a one-way gate to the infinite horrors of the Abyss.
 17522 | Lair:5   | Reached skill level 3 in Throwing
 17608 | Lair:5   | 17608 ||| Stepping ~*~*~tactically~*~*~ (stealth).
 17806 | Lair:5   | 17806 ||| INVOKING Berserk.
 17835 | Lair:5   | HP: 12/92 [death yak (15)]
 17836 | Lair:5   | 17836 ||| DRINKING potion of heal wounds.
 17838 | Lair:5   | Slain by a death yak

Levels and vault maps discovered:
D:1:      tarquinn_simple_flora_water_f, layout_basic,
          corexii_item_surrounded_by_moat
D:2:      layout_basic, basic_altar, minmay_misc_feat_nine_boxes,
          minmay_circled_x
D:3:      layout_basic, serial_aquarium, aquarium_bridge_island_small
          [aquarium_subvault_small_open, aquarium_subvault_bridge,
          aquarium_subvault_balcony, aquarium_subvault_balcony,
          aquarium_subvault_bridge], aquarium_bridge_straight
          [aquarium_subvault_bridge, aquarium_subvault_window,
          aquarium_subvault_bridge, aquarium_subvault_wall],
          aquarium_window_corridor_3, aquarium_window_2, aquarium_window_double,
          aquarium_view_2e, aquarium_view_4, aquarium_balcony_5b, uniq_jessica
D:4:      layout_loops_ring, uniq_edmund
D:5:      layout_basic, gammafunk_temple_overflow_wave,
          mainiacjoe_overflow_brackets, chequers_ossuary_entry_cave,
          nicolae_concentric_dashed_squares_wild
D:6:      layout_rooms, nicolae_qazlal_eye_of_the_storm, minmay_microvault
D:7:      minmay_s_stair_smasher, layout_rooms, minmay_temple_entry_large_hall
D:8:      layout_rooms, mainiacjoe_overflow_paths, erik_lair_orcish_takeover,
          uniq_joseph
Lair:1:   layout_gridlike
Lair:2:   layout_regular_city, minmay_swamp_entry_worms,
          spider_nest_entry_rubble, serial_bayou_pond_b
Lair:3:   layout_gridlike, nicolae_lair_lindhole, serial_bayou_shore_a,
          uniq_josephine, uniq_snorg
Lair:4:   hellmonk_destroyed_diamonds, layout_gridlike, slime_entry_1,
          lemuel_oklob_altar
Lair:5:   hellmonk_lair_end_abyssal_woods, layout_small_grid,
          eino_small_chamber_without_monster, grunt_megastairs_4,
          lemuel_fruit_tree

Skill      XL: |  1  2  3  4  5  6  7  8  9 10 11 12 13 14 |
---------------+-------------------------------------------+-----
Axes           | 3 4 5 6 7 8 10 12 13 15 16 | 16.1
Fighting       | 4 5 8 9 10 11 12 | 12.7
Armour         | 3 4 5 6 10 11 12 | 12.0
Throwing       | 1 2 3 |  3.2
Dodging        | 2 3 |  3.0
Shields        | 8 |  8.0

Action                   |  1- 3 |  4- 6 |  7- 9 | 10-12 | 13-15 || total
-------------------------+-------+-------+-------+-------+-------++-------
Melee: Hand axe          |   118 |    21 |       |       |       ||   139
       War axe           |       |    47 |   271 |   521 |   485 ||  1324
       Flail             |       |       |     6 |       |     4 ||    10
       Punch             |       |       |     5 |     5 |     1 ||    11
Throw: Boomerang         |     8 |    32 |    58 |    67 |    64 ||   229
       Javelin           |       |       |       |       |     8 ||     8
Invok: Berserk           |       |     3 |     6 |    23 |    11 ||    43
       Brothers in Arms  |       |       |       |       |     1 ||     1
  Use: Scroll            |     4 |     6 |     8 |     7 |     2 ||    27
       Potion            |       |     3 |       |     5 |     4 ||    12
Armor: Animal skin       |    20 |       |       |       |       ||    20
       Leather armour    |     7 |     7 |       |       |       ||    14
       Ring mail         |       |     8 |     6 |       |       ||    14
       Chain mail        |       |       |   185 |    92 |       ||   277
       Plate armour      |       |       |       |   333 |   406 ||   739
Dodge: Dodged            |    58 |    29 |   113 |   202 |   162 ||   564
Block: Buckler           |       |       |       |       |   135 ||   135

Table legend:
 A = Non-vault XP
 B = Vault XP
 C = Vault XP percentage of total XP
 D = Non-vault monster count
 E = Vault monster count
 F = Vault count percentage of total count
                 A         B        C        D         E       F
            +---------+---------+-------+---------+---------+-------
      Total |   34875 |   24179 |  40.9 |     284 |      93 |  24.7
            +---------+---------+-------+---------+---------+-------
        D:1 |      44 |       0 |   0.0 |      25 |       0 |   0.0
        D:2 |      41 |       9 |  18.0 |      11 |       4 |  26.7
        D:3 |     118 |      37 |  23.9 |      15 |       1 |   6.2
        D:4 |     270 |     171 |  38.8 |      25 |       1 |   3.8
        D:5 |     910 |       0 |   0.0 |      18 |       0 |   0.0
        D:6 |     524 |     856 |  62.0 |      19 |       1 |   5.0
        D:7 |    1382 |    1143 |  45.3 |      25 |      17 |  40.5
        D:8 |    3053 |    1078 |  26.1 |      40 |      11 |  21.6
     Lair:1 |    6896 |       0 |   0.0 |      24 |       0 |   0.0
     Lair:2 |    4261 |    1395 |  24.7 |      20 |       5 |  20.0
     Lair:3 |    8694 |    3826 |  30.6 |      30 |       7 |  18.9
     Lair:4 |    3414 |     617 |  15.3 |      13 |       1 |   7.1
     Lair:5 |    5268 |   15047 |  74.1 |      19 |      45 |  70.3
            +---------+---------+-------+---------+---------+-------
